 Dungeon Sprint DCSS version 0.23.0 (webtiles) character file.

Game seed: 1742903317080714057

38 nuthulu the Magician (level 3, -1/19 HPs)
             Began as a Deep Elf Fire Elementalist on Feb 18, 2019.
             Was an Initiate of Vehumet.
             Slain by a toenail golem (8 damage)
             ... in the Dungeon (Sprint V: "Ziggurat Sprint").
             The game lasted 00:02:06 (167 turns).

nuthulu the Magician (Deep Elf Fire Elementalist)    Turns: 167, Time: 00:02:07

Health: -1/19      AC:  2    Str:  5    XL:     3   Next: 25%
Magic:  13/13      EV: 14    Int: 32    God:    Vehumet [......]
Gold:   0          SH:  0    Dex: 15    Spells: 12/15 levels left

rFire    . . .     SeeInvis .   E - staff of energy
rCold    . . .     Gourm    .   (no shield)
rNeg     . . .     Faith    .   a - +0 robe
rPois    .         Spirit   .   (no helmet)
rElec    .         Reflect  .   (no cloak)
rCorr    .         Harm     .   (no gloves)
MR       .....     NoTele   +   (no boots)
Stlth    ++........             (no amulet)
HPRegen  0.06/turn              A - +6 ring of intelligence
MPRegen  0.13/turn              z - +6 ring of intelligence

@: no status effects
A: no striking features
a: Renounce Religion


You were in the Dungeon.
You worshipped Vehumet.
Vehumet was noncommittal.
You were not hungry.

You visited 1 branch

Inventory:

Hand Weapons
 D - a +5 quick blade
Armour
 a - a +0 robe (worn)
Magical Staves
 E - an uncursed staff of energy (weapon)
Jewellery
 x - a +6 ring of dexterity
 y - a +6 ring of dexterity
 z - a +6 ring of intelligence (right hand)
 A - a +6 ring of intelligence (left hand)
 B - a +6 ring of strength
 C - a +6 ring of strength
Wands
 u - a wand of disintegration (7)
 v - a wand of iceblast (7)
 w - a wand of acid (7)
Scrolls
 i - 4 scrolls of blinking
 o - 4 scrolls of amnesia
 p - 7 scrolls of fog
 q - a scroll of holy word
 r - 5 scrolls of identify
 s - 5 scrolls of remove curse
 t - 2 scrolls of fear
Potions
 b - 2 potions of brilliance
 d - 10 potions of curing
 e - 10 potions of heal wounds
 f - 6 potions of haste
 g - 7 potions of magic
 h - 3 potions of berserk rage
 j - 2 potions of invisibility
 k - 4 potions of resistance
 m - 5 potions of agility
 n - 5 potions of might
Comestibles
 c - 7 rations
 l - 5 chunks of flesh


   Skills:
 + Level 3.4 Dodging
 - Level 2.4 Stealth
 + Level 6.8 Spellcasting
 + Level 5.2 Conjurations
 + Level 6.1 Fire Magic


You had 12 spell levels left.
You knew the following spells:

 Your Spells              Type           Power        Failure   Level  Hunger
a - Flame Tongue          Conj/Fire      #####        1%          1    None
b - Throw Flame           Conj/Fire      #####.       1%          2    None

Your spell library contained the following spells:

 Spells                   Type           Power        Failure   Level  Hunger
 Sting                    Conj/Pois      ####         1%          1    None
 Conjure Flame            Conj/Fire      #####...     1%          3    None
 Inner Flame              Hex/Fire       ####....     3%          3    None
 Infusion                 Chrm           ##..         4%          1    None
 Sticky Flame             Conj/Fire      #####...     4%          4    None
 Swiftness                Chrm/Air       ##......     6%          2    None
 Fireball                 Conj/Fire      #####.....   11%         5    None
 Ozocubu's Armour         Chrm/Ice       ##......     13%         3    None
 Spider Form              Tmut/Pois      ##........   13%         3    None
 Excruciating Wounds      Chrm/Necr      ##........   75%         5    None


Dungeon Overview and Level Annotations

Branches:
Dungeon (1/1)

Altars:
Ashenzari
Cheibriados
Dithmenos
Elyvilon
Fedhas
Gozag
Hepliaklqana
Kikubaaqudgha
Makhleb
Nemelex Xobeh
Okawaru
Qazlal
Ru
Sif Muna
Trog
Uskayaw
Vehumet
Wu Jian
Xom
Yredelemnul
Zin
The Shining One
Beogh
Jiyva
Lugonu

Annotations:
D 1 transporter


Message History

You see here the Volume of Virous Talismans.
You see here the Volume of Virous Talismans.
You pick up the Volume of Virous Talismans and begin reading...
You add the spells Infusion, Sting, Swiftness, Ozocubu's Armour, Spider Form and Excruciating Wounds to your library.
You start resting.
Magic restored.
Memorise Conjure Flame, consuming 3 spell levels and leaving 9?
Okay, then.
Okay, then.
There is a transporter here.
Welcome to arena 2.
You enter the transporter and appear at another place. 3 toenail golems come into view.
Found a phantom mirror, a fan of gales and a +0 pair of gloves of dexterity.
Found a transporter.
The toenail golem hits you!
Ouch! That really hurt!
The toenail golem completely misses you.
The toenail golem barely misses you. The toenail golem hits you!
You die...

▓▓▓▓▓▓▓▓▓▓▓▓▓
▓.8©8.▓.8©8.▓
▓.[}}.▓.....▓
▓@88..▓...).▓
▓.8...▓.....▓
▓.....▓.))..▓
▓.....▓..©..▓
▓..©..▓▓▓▓▓▓▓
▓▓▓▓▓▓▓


You could see 3 toenail golems.

Vanquished Creatures
  An orc wizard (D)
  An orc (D)
2 creatures vanquished.

Notes
Turn   | Place    | Note
-------+----------+-------------------------------------------
     0 | D        | Found the +6 Majin-Bo {vamp, Archmagi MP+6 Int+6}
     0 | D        | Found the +7 great mace "Firestarter" {inner flame, rF++}
     0 | D        | nuthulu the Deep Elf Fire Elementalist began the quest for
                  | the Orb.
     0 | D        | Reached XP level 1. HP: 10/10 MP: 6/6
     0 | D        | Found a deep blue altar of Sif Muna.
     0 | D        | Found a sacrificial altar of Ru.
     0 | D        | Found a bloodstained altar of Trog.
     0 | D        | Found a stormy altar of Qazlal.
     0 | D        | Found an iron altar of Okawaru.
     0 | D        | Found a sparkling altar of Nemelex Xobeh.
     0 | D        | Found a blossoming altar of Fedhas.
     2 | D        | Found a transporter.
     2 | D        | Found an ancient bone altar of Kikubaaqudgha.
     2 | D        | Found a viscous altar of Jiyva.
     2 | D        | Found a corrupted altar of Lugonu.
     2 | D        | Found a hazy altar of Hepliaklqana.
     2 | D        | Found a burning altar of Makhleb.
     2 | D        | Found an opulent altar of Gozag.
    20 | D        | Found the +9 heavy crossbow "Sniper" {velocity, Acc+∞ SInv}
    20 | D        | Found the +10 dark maul {crush}
    20 | D        | Found the +15 Maxwell's patent armour {-Cast -Tele rElec
                  | MR+ rCorr}
    20 | D        | Found the +18 shield of the Gong {rElec rN+ MR+ EV-5}
    20 | D        | Found the cursed +14 obsidian axe {chop, +Fly SInv *Curse}
    21 | D        | Found the +6 shillelagh "Devastator" {shatter}
    21 | D        | Found the +11 plutonium sword {*Contam Stlth-}
    21 | D        | Found the +8 lance "Wyrmbane" {slay drac, rPois rF+ rC+
                  | AC+3}
    21 | D        | Found the +9 sword of Zonguldrok {reap}
    21 | D        | Found the cursed +13 scythe of Curses {drain, *Curse}
    21 | D        | Found the +0 sword of Power
    21 | D        | Found the +7 mace of Variability {chain chaos}
    21 | D        | Found the +7 Singing Sword {slice, sonic wave}
    21 | D        | Found the +7 longbow "Piercer" {penet, EV-2}
    58 | D        | Reached skill level 5 in Fire Magic
    58 | D        | Reached XP level 2. HP: 15/15 MP: 7/11
    62 | D        | Learned a level 2 spell: Throw Flame
    93 | D        | Became a worshipper of Vehumet
   106 | D        | Entered arena 2.
   106 | D        | Found a transporter.
   109 | D        | Reached skill level 5 in Conjurations
   109 | D        | Reached XP level 3. HP: 19/19 MP: 9/13
   152 | D        | Got the Volume of Virous Talismans
   163 | D        | Entered arena 3.
   163 | D        | Noticed a toenail golem
   163 | D        | Noticed a toenail golem
   163 | D        | Noticed a toenail golem
   163 | D        | Found a transporter.
   167 | D        | Slain by a toenail golem

Skill      XL: |  1  2 |
---------------+-------+-----
Spellcasting   | 6 |  6.8
Conjurations   | 4 5 |  5.2
Fire Magic     | 5 6 |  6.1
Dodging        | 3 |  3.4
Stealth        | |  2.4

Action                   || total
-------------------------++-------
 Cast: Flame Tongue      ||     6
  Use: Potion            ||     1
Dodge: Dodged            ||     2
